 Dungeon Crawl Stone Soup version 0.28.0-49-g6dfe1f597d (webtiles) character file.

Game seed: 6233000504854522082

4 H0rd4k the Charlatan (level 1, 0/15 HPs)
             Began as a Human Artificer on May 12, 2022.
             Slain by a frilled lizard (3 damage)
             ... on level 1 of the Dungeon.
             The game lasted 00:00:43 (42 turns).

H0rd4k the Charlatan (Human Artificer)                Turns: 42, Time: 00:00:44

Health: 0/15       AC:  3    Str: 12    XL:     1   Next: 66%
Magic:  1/1        EV: 11    Int: 11    God:
Gold:   12         SH:  0    Dex: 13    Spells: 0/0 levels left

rFire   . . .      SeeInvis .   a - +0 club
rCold   . . .      Faith    .   (no shield)
rNeg    . . .      Spirit   .   b - +0 leather armour
rPois   .          Reflect  .   (no helmet)
rElec   .          Harm     .   (no cloak)
rCorr   .          Rampage  .   (no gloves)
Will    .....                   (no boots)
Stlth   +.........              (no amulet)
HPRegen 0.05/turn               (no ring)
MPRegen 0.07/turn               (no ring)

@: no status effects
A: no striking features
a: no special abilities


You were on level 1 of the Dungeon.
You visited 1 branch of the dungeon, and saw 1 of its levels.

You collected 12 gold pieces.

Inventory:

Hand Weapons
 a - a +0 club (weapon)
Armour
 b - a +0 leather armour (worn)
Wands
 c - a wand of flame (14) (quivered)
 d - a wand of charming (14)
Potions
 f - a potion of ambrosia {unknown}
Miscellaneous
 e - a piece from Xom's chessboard (15/15)


   Skills:
 + Level 1.0 Fighting
 + Level 2.0 Armour
 + Level 1.0 Dodging
 + Level 1.0 Stealth
 + Level 3.2 Evocations


You couldn't memorise any spells.
You didn't know any spells.
Your spell library was empty.

Dungeon Overview and Level Annotations

Branches:
Dungeon (1/15)

Altars:


Message History

Press: ? - help, Shift-Dir - straight line, f - jackal
Aim: a jackal (64% to hit)
The puff of flame hits the jackal.
The jackal is moderately wounded.
The jackal bites you.
* * * LOW HITPOINT WARNING * * *
The jackal bites you but does no damage.
Aiming: Charm
Press: ? - help, Shift-Dir - straight line, f/p - jackal
Aim: a jackal (chance to affect: 73%)
The jackal is charmed.
The hobgoblin misses your jackal. The jackal closely misses your jackal.
Unknown command.
What are your orders? t - Shout!
Orders for allies: a - Attack new target. p - Attack previous target. r - Retreat! s - Stop attacking. g - Guard the area. f - Follow me.
Anything else - Cancel.
Guard this area!
The jackal bites your jackal but does no damage.
Your jackal bites the jackal.
The hobgoblin misses your jackal. The jackal bites your jackal.
Your jackal bites the jackal.
The jackal dies!
The hobgoblin hits your jackal.
Your jackal bites the hobgoblin.
There is an empty arch of ancient stone here.
The hobgoblin closely misses your jackal.
Your jackal closely misses the hobgoblin.
The frilled lizard bites your jackal.
Your jackal bites the hobgoblin but does no damage.
The hobgoblin hits your jackal.
Your jackal dies!
There is an empty arch of ancient stone here.
You closely miss the frilled lizard. The frilled lizard closely misses you.
The frilled lizard misses you.
You closely miss the frilled lizard.
The frilled lizard hisses.
The frilled lizard bites you.
You die...

#############
#...........#
##.⌠.♣.⌠.♣.⌠.##
##.............#####
#<.≈≈≈≈≈≈≈≈≈≈≈.@lg†#
##.............###......
##.⌠.♣.⌠.♣.⌠.## ##...
#...........# .
#############


You could see a hobgoblin and a frilled lizard.

Vanquished Creatures
  A giant cockroach (D:1)
  A jackal (D:1)
2 creatures vanquished.

Vanquished Creatures (collateral kills)
  A jackal (D:1)
1 creature vanquished.

Vanquished Creatures (others)
  A jackal (D:1)
1 creature vanquished.

Grand Total: 4 creatures vanquished

Notes
Turn   | Place    | Note
-------+----------+-------------------------------------------
     0 | D:1      | H0rd4k the Human Artificer began the quest for the Orb.
     0 | D:1      | Reached XP level 1. HP: 15/15 MP: 1/1
    42 | D:1      | Slain by a frilled lizard

Illustrated notes

Levels and vault maps discovered:
D:1:      mainiacjoe_arrival_reflecting_pool, layout_basic,
          shapermc_ecumenical_altar_petra, minivault_26, hangedman_decor_points

Action                   || total
-------------------------++-------
Melee: Club              ||    18
Evoke: Wand              ||     2
Armor: Leather armour    ||    10
Dodge: Dodged            ||    11
